 Dungeon Crawl Stone Soup version 0.31-a0-971-g75a2e9a4b4 (webtiles) character file.

Game seed: 3203318799637188629

121 mattiecakes the Trooper (level 4, -3/44 HPs)
             Began as an Armataur Fighter on Oct 29, 2023.
             Slain by Crazy Yiuf
             ... wielding a +4 quarterstaff of chaos
              (9 damage)
             ... on level 3 of the Dungeon.
             The game lasted 00:05:15 (3393 turns).

mattiecakes the Trooper (Armataur Fighter)          Turns: 3393, Time: 00:05:16

Health: -3/44      AC:  8    Str: 23    XL:     4   Next: 77%
Magic:  4/4        EV:  6    Int:  9    God:
Gold:   112        SH:  4    Dex:  9    Spells: 3/3 levels left

rFire   . . .        s - +2 hammer (holy)
rCold   . . .        c - +0 buckler
rNeg    . . .        k - +0 chain mail
rPois   .            (no helmet)
rElec   .            (no cloak)
rCorr   .            (no gloves)
SInv    .            (no barding)
Will    .....        b - amulet of magic regeneration Stlth
                     (no ring)
HPRegen 0.27/turn    (no ring)
MPRegen 0.49/turn

%: roll
@: mighty, invisible
A: large, rugged brown scales 3, deformed body, armoured tail, roll, long
tongue, awkward tongue
a: no special abilities


You were on level 3 of the Dungeon.
You visited 1 branch of the dungeon, and saw 3 of its levels.

You collected 112 gold pieces.

Inventory:

Hand Weapons
 a - a +0 long sword
 s - a +2 hammer of holy wrath (weapon)
Armour
 c - a +0 buckler (worn)
 k - a +0 chain mail (worn)
Jewellery
 b - an amulet of magic regeneration (around neck)
Talismans
 r - a beast talisman
Scrolls
 f - a scroll of vulnerability {unknown}
 h - 2 scrolls of noise {unknown}
 i - a scroll of amnesia {unknown}
 j - a scroll of blinking {unknown}
 m - a scroll of revelation {unknown}
 o - 2 scrolls of enchant armour {unknown}
 p - a scroll of poison {unknown}
 q - a scroll of summoning {unknown}
Potions
 e - a potion of haste {unknown}
 g - a potion of invisibility
 l - a potion of heal wounds {unknown}
 n - a potion of curing {unknown}


   Skills:
 - Level 5.1 Fighting
 - Level 1.7 Long Blades
 + Level 0.0 Maces & Flails
 - Level 3.6 Armour
 - Level 3.2 Shields


You had 3 spell levels left.
You didn't know any spells.
Your spell library contained the following spells:

 Spells                   Type           Power      Damage    Failure   Level
 Foxfire                  Conj/Fire      0%         2x1d4     96%         1
 Teleport Other           Tloc           0%         N/A       100%        3
 Volatile Blastmotes      Fire/Tloc      0%         2d10      100%        3
 Animate Armour           Summ/Erth      0%         N/A       100%        4
 Plasma Beam              Fire/Air       0%         2x1d10    100%        6
 Starburst                Conj/Fire      0%         6d3       100%        6


Dungeon Overview and Level Annotations

Branches:
Dungeon (3/15)

Altars:
Nemelex Xobeh

Annotations:
D:3 Crazy Yiuf


Innate Abilities, Weirdness & Mutations

You are completely covered in rugged brown scales. (AC +3, +7% HP)
Armour fits poorly on your strangely shaped body.
You have a long armoured tail.
You roll when moving toward enemies. (Rampage)
Your long tongue fully drains potion bottles. (2x potion effects)
Your tongue gives you trouble enunciating. (1.5x scroll delay)


Message History

There is an open door here.
Crazy Yiuf shouts!
You see here a +0 hammer of protection.
You see here a +2 hammer of holy wrath.
Could not explore, unopened runed door.
Could not explore, unopened runed door.
Could not explore, unopened runed door.
Could not explore, unopened runed door.
Sorry, you're not good enough to have a special ability.
You see here a +2 hammer of holy wrath.
You see here a +0 hammer of protection.
You see here a +2 hammer of holy wrath.
s - a +2 hammer of holy wrath Your +2 hammer of holy wrath softly glows with a divine radiance!
s - a +2 hammer of holy wrath (weapon)
You feel very mighty all of a sudden.
You slurp down every last drop of the potion of might!
As you open the door, it creaks loudly!
You barely miss Crazy Yiuf. You tail-slap Crazy Yiuf.
Crazy Yiuf is lightly wounded.
Crazy Yiuf hits you with a +4 quarterstaff of chaos.
Crazy Yiuf burns you.
You closely miss Crazy Yiuf.
Crazy Yiuf is lightly wounded.
Crazy Yiuf cries, "You leg down broken song, no?"
Crazy Yiuf hits you with a +4 quarterstaff of chaos!
You feel mightier all of a sudden.
Crazy Yiuf hits you with a +4 quarterstaff of chaos!
You thump Crazy Yiuf!
Crazy Yiuf is severely wounded.
Crazy Yiuf hits you with a +4 quarterstaff of chaos.
* * * LOW HITPOINT WARNING * * *
Space warps around you!
* * * LOW HITPOINT WARNING * * *
It was a potion of invisibility.
You fade into invisibility!
You slurp down every last drop of the potion of invisibility!
Crazy Yiuf screams, "Snower verde senile!"
Crazy Yiuf hits you with a +4 quarterstaff of chaos!
You die...

..........# #.#
########### #.# ...#
#.# ##.# ### .#.####
.#....#########
.#.##...+...#)### ###
.#.###.......#..##..)#
.#.# #......####@g.).#
.#.# ##.+..## ###..)#
##.# ###### ### ...#
######### #.....#
##.#### #.# # #.#


You could see Crazy Yiuf (unable to see you).

Vanquished Creatures
  4 adders (D:2)
  3 worms (D:2)
  3 dart slugs
  An orc (D:3)
  13 endoplasms
  3 giant cockroaches
  5 goblins
  5 hobgoblins
  4 jackals (D:1)
  2 quokkas
  6 ball pythons
  2 bats
  8 frilled lizards
  3 kobolds
  6 rats
68 creatures vanquished.

Notes
Turn   | Place    | Note
-------+----------+-------------------------------------------
     0 | D:1      | mattiecakes the Armataur Fighter began the quest for the
                  | Orb.
     0 | D:1      | Reached XP level 1. HP: 19/19 MP: 1/1
    81 | D:1      | Reached skill level 3 in Fighting
    87 | D:1      | Reached XP level 2. HP: 9/27 MP: 2/2
   914 | D:2      | Reached XP level 3. HP: 35/35 MP: 3/3
  1058 | D:2      | Reached skill level 4 in Fighting
  1430 | D:2      | Reached XP level 4. HP: 38/43 MP: 4/4
  2288 | D:3      | Identified the "Mojevan"
  2382 | D:3      | Found a runed translucent door.
  2383 | D:3      | Noticed Crazy Yiuf
  2518 | D:3      | Reached skill level 5 in Fighting
  2685 | D:3      | Identified the +0 leather armour of Lepneup {rN+++ rCorr
                  | Int-5 SInv}
  2788 | D:3      | Found a sparkling altar of Nemelex Xobeh.
  3393 | D:3      | Slain by Crazy Yiuf

Illustrated notes

Levels and vault maps discovered:
D:1:      evilmike_arrival_hilbert_curve, layout_basic, minivault_26
D:2:      layout_loops_corners
D:3:      minmay_angry_zag, layout_basic, lemuel_doored_altar, serial_curves,
          eino_curves_02, eino_curves_01, uniq_crazy_yiuf_cottage

Skill      XL: |  1  2  3  4 |
---------------+-------------+-----
Fighting       | 3 4 5 |  5.1
Long Blades    | |  1.7
Armour         | |  3.6
Shields        | |  3.2

Action                     |  1- 3 |  4- 6 || total
---------------------------+-------+-------++-------
  Melee: Long sword        |   121 |   120 ||   241
         Tailslap          |    11 |    12 ||    23
         Mace              |       |     3 ||     3
    Use: Potion            |       |     2 ||     2
 Armour: Scale mail        |    97 |       ||    97
         Chain mail        |       |   102 ||   102
  Dodge: Dodged            |    38 |    35 ||    73
  Block: Buckler           |    19 |    22 ||    41

Table legend: (Time is in decaauts)
 A = Elapsed time spent in this place.
 B = Non-inter-level travel time spent in this place.
 C = Inter-level travel time spent in this place.
 D = Time resting spent in this place.
 E = Time spent auto-exploring this place.
 F = Levels seen in this place.
 G = Mean time per level.
                   A        B        C        D        E       F      G
               +--------+--------+--------+--------+--------+-----+--------+
         Total |   3476 |   3300 |    176 |    378 |   2367 |   3 | 1158.7 |
       Dungeon |   3476 |   3300 |    176 |    378 |   2367 |   3 | 1158.7 |
               +--------+--------+--------+--------+--------+-----+--------+

Top non-repeatable levels by time:
     D:2: 1424 daAuts
     D:3: 1131 daAuts
     D:1: 920 daAuts
